 Dungeon Crawl Stone Soup version 0.31-a0-202-g547052bce9 (webtiles) character file.

Game seed: 16500336779626258418

15 qw the Shooter (level 2, 0/16 HPs)
             Began as a Deep Elf Hunter on June 26, 2023.
             Succumbed to their own poison gas
             ... on level 1 of the Dungeon.
             The game lasted 00:00:12 (654 turns).

qw the Shooter (Deep Elf Hunter)                     Turns: 654, Time: 00:00:13

Health: 0/16       AC:  3    Str:  8    XL:     2   Next: 34%
Magic:  4/4        EV: 12    Int: 13    God:
Gold:   8          SH:  0    Dex: 18    Spells: 1/1 levels left

rFire   . . .        Y - +0 shortbow
rCold   . . .        (shield currently unavailable)
rNeg    . . .        c - +0 leather armour
rPois   .            (no helmet)
rElec   .            (no cloak)
rCorr   .            (no gloves)
SInv    .            (no boots)
Will    .....        (no amulet)
Stlth   ++           (no ring)
HPRegen 0.22/turn    (no ring)
MPRegen 0.09/turn

%: no passive effects
@: lethally poisoned (0 -> -6)
A: no striking features
a: no special abilities


You were on level 1 of the Dungeon.
You visited 1 branch of the dungeon, and saw 1 of its levels.

You collected 8 gold pieces.


   Skills:
 - Level 1.5 Fighting
 + Level 6.2 Ranged Weapons
 - Level 2.4 Dodging
 - Level 1.2 Stealth


You had one spell level left.
You didn't know any spells.
Your spell library was empty.

Inventory:

Hand Weapons
 Y - a +0 shortbow (weapon)
Armour
 c - a +0 leather armour (worn)
Scrolls
 a - a scroll of identify
Potions
 h - a potion of berserk rage {unknown}

Dungeon Overview and Level Annotations

Branches:
Dungeon (1/15)

Altars:


Message History

Done waiting.
Partly explored, can't reach some items.
647 ||| READING scroll labelled YMUCRO GAODD.
As you read the scroll labelled YMUCRO GAODD, it crumbles to dust.
You hear a loud clanging noise!
It was a scroll of noise.
Partly explored, can't reach some items.
648 ||| READING scroll labelled RYWAOCV ENITY.
The air fills with toxic fumes!
As you read the scroll labelled RYWAOCV ENITY, it crumbles to dust.
It was a scroll of poison.
Partly explored, can't reach some items.
649 ||| DROPPING scroll of butterflies.
You drop a scroll of butterflies.
Partly explored, can't reach some items.
(D) Dungeon
Where to? (* - list waypoints, ? - help)
What level of the Dungeon? (default 1, ? - help) Sorry, I don't know how to get there.
Enter note:
Enter note:
Enter note:
Enter note:
Enter note:
Enter note:
Enter note:
Enter note:
Enter note: Really walk into that cloud of poison gas?
You are engulfed in poison gas.
You are lethally poisoned!
You feel very sick.
651 ||| Stepping ~*~*~tactically~*~*~ (cloud).
You feel very sick.
You see here a scroll of butterflies.
There is a lethal amount of poison in your body!
You feel very sick.
There is a lethal amount of poison in your body!
You feel sick.
There is a lethal amount of poison in your body!
You die...

#.#
#.8.....8.##.#########
#.#
#...~~¤...##.........#
#.#
###~~¤~¤############.#
#.# #~~~¤~# #.# #.#
#¤¤¤~¤# #.# #.#
####### #.# #.#######
##### #.# #.......#
#¤¤¤###########.#
#######.#
#¤0@0¤¤¤¤¤¤.....# #.#
#####¤######.#### #.#
#.# #.# #.# #.# #.#
###.### #.# #.#
#.....# #.# #.#
##.....#####.######.#
#...................#
#......#.###.######.#


There were no monsters in sight!

Vanquished Creatures
  3 endoplasms (D:1)
  A giant cockroach (D:1)
  2 hobgoblins (D:1)
  A kobold (D:1)
  A quokka (D:1)
  A ball python (D:1)
  A bat (D:1)
  4 rats (D:1)
14 creatures vanquished.

Notes
Turn   | Place    | Note
-------+----------+-------------------------------------------
     0 | D:1      | qw the Deep Elf Hunter began the quest for the Orb.
     0 | D:1      | Reached XP level 1. HP: 12/12 MP: 3/3
     0 | D:1      | 0 ||| qw: Version: 0.3-a-22-g0ed2b0b
     0 | D:1      | 0 ||| qw: Game counter: 5948
     0 | D:1      | 0 ||| qw: Melee chars always use a shield: true
     0 | D:1      | 0 ||| qw: God list: Okawaru
     0 | D:1      | 0 ||| qw: Allow faded altars: false
     0 | D:1      | 0 ||| qw: Do Orc after clearing Dungeon:15 true
     0 | D:1      | 0 ||| qw: Do second Lair branch before Depths: true
     0 | D:1      | 0 ||| qw: Lair rune preference: random
     0 | D:1      | 0 ||| qw: Goals: Normal
     0 | D:1      | 0 ||| PLANNING D:1-11
    29 | D:1      | 29 ||| DROPPING +0 sling of draining.
   301 | D:1      | Reached skill level 6 in Ranged Weapons
   301 | D:1      | Reached XP level 2. HP: 16/16 MP: 4/4
   545 | D:1      | 545 ||| READING 2 scrolls labelled QAWIL FEDUXIODAM.
   546 | D:1      | 546 ||| READING scroll labelled GOESHRA ENGY.
   647 | D:1      | 647 ||| READING scroll labelled YMUCRO GAODD.
   648 | D:1      | 648 ||| READING scroll labelled RYWAOCV ENITY.
   649 | D:1      | 649 ||| DROPPING scroll of butterflies.
   651 | D:1      | 651 ||| Stepping ~*~*~tactically~*~*~ (cloud).
   652 | D:1      | HP: 4/16 [poisoned by you (poison gas)]
   654 | D:1      | Succumbed to their own poison gas

Levels and vault maps discovered:
D:1:      grunt_arrival_lava_bath, layout_loops_ring

Skill      XL: |  1 |
---------------+----+-----
Ranged Weapons | 6 |  6.2
Fighting       | |  1.5
Dodging        | |  2.4
Stealth        | |  1.2

Action                     || total
---------------------------++-------
   Fire: Shortbow          ||    39
    Use: Scroll            ||     4
 Armour: Leather armour    ||     2
  Dodge: Dodged            ||     6

Table legend:
 A = Non-vault XP
 B = Vault XP
 C = Vault XP percentage of total XP
 D = Non-vault monster count
 E = Vault monster count
 F = Vault count percentage of total count
                 A         B        C        D         E       F
            +---------+---------+-------+---------+---------+-------
      Total |      22 |       0 |   0.0 |      14 |       0 |   0.0
            +---------+---------+-------+---------+---------+-------
        D:1 |      22 |       0 |   0.0 |      14 |       0 |   0.0
            +---------+---------+-------+---------+---------+-------
